 Dungeon Crawl Stone Soup version 0.28.0 (webtiles) character file.

Game seed: 12374821259522897287

18 RighteousDevil the Chopper (level 2, 21/27 HPs)
             Began as a Deep Dwarf Monk on Feb 15, 2022.
             Was a Plaything of Xom.
             Quit the game on level 1 of the Dungeon.
             The game lasted 00:00:42 (421 turns).

RighteousDevil the Chopper (Deep Dwarf Monk)         Turns: 421, Time: 00:00:43

Health: 21/27      AC:  2    Str: 14    XL:     2   Next: 48%
Magic:  1/1        EV: 14    Int: 10    God:    Xom [..*...]
Gold:   42         SH:  0    Dex: 21    Spells: 1/1 levels left

rFire   . . .      SeeInvis .   a - +0 hand axe
rCold   . . .      Faith    .   (no shield)
rNeg    . . .      Spirit   .   b - +0 robe
rPois   .          Reflect  .   (no helmet)
rElec   .          Harm     .   (no cloak)
rCorr   .          Rampage  .   (no gloves)
Will    .....                   (no boots)
Stlth   ++........              (no amulet)
HPRegen 0.00/turn               d - +6 ring of dexterity
MPRegen 0.07/turn               (no ring)

@: no status effects
A: damage resistance, heal wounds, sense surroundings 1, no regeneration
a: Heal Wounds, Renounce Religion


You were on level 1 of the Dungeon.
You worshipped Xom.
You were a toy of Xom.
You visited 1 branch of the dungeon, and saw 1 of its levels.

You collected 42 gold pieces.

Inventory:

Hand Weapons
 a - a +0 hand axe (weapon)
Armour
 b - a +0 robe (worn)
Jewellery
 c - a ring of fire
 d - a +6 ring of dexterity (left hand)
Potions
 e - a potion of attraction {unknown}


   Skills:
 - Level 2.6 Fighting
 + Level 4.3 Axes
 - Level 3.2 Dodging
 - Level 2.4 Stealth


You had one spell level left.
You didn't know any spells.
Your spell library was empty.

Dungeon Overview and Level Annotations

Branches:
Dungeon (1/15)

Altars:
Xom


Innate Abilities, Weirdness & Mutations

You are resistant to damage.
You can heal yourself by infusing magical energy.
You passively map a small area around you.
You do not regenerate.


Message History

The hobgoblin is heavily wounded.
A kobold comes into view. It is wielding a +0 whip.
The hobgoblin hits you.
You closely miss the hobgoblin.
The hobgoblin is heavily wounded.
The hobgoblin misses you.
You hit the hobgoblin.
The hobgoblin is severely wounded.
The hobgoblin hits you.
You hit the hobgoblin but do no damage.
The hobgoblin is severely wounded.
The hobgoblin closely misses you.
You hit the hobgoblin but do no damage.
The hobgoblin is severely wounded.
The hobgoblin hits you.
You hit the hobgoblin.
You kill the hobgoblin!
You hit the kobold but do no damage. The kobold barely misses you.
You barely miss the kobold. The kobold hits you with a +0 whip.
You closely miss the kobold. The kobold barely misses you.
You hit the kobold but do no damage. The kobold hits you with a +0 whip.
The kobold misses you.
You hit the kobold.
You kill the kobold!
No target in view!
No target in view!
No target in view!
Things that are here:
a +0 whip; a kobold corpse
Found a dagger.
Found a faded altar of an unknown god.
There is a faded altar of an unknown god here.
You cannot tell which god this altar belongs to.
Convert to them anyway?
Xom accepts your prayer! Xom welcomes you!
Xom is fascinated!
A kobold comes into view. It is wielding a +0 short sword.
The kobold shouts!
A kobold is nearby!
Are you sure you want to abandon this character and quit the game? (Confirm with "yes".)

######.# #.....# .......# #.###.#
##.###.# #.# #.# .......# #.# #.#
.....### #.# #.# .._..# #########
#.# #.#
.8.8.###########.......###.# #.#
...........................###.#
################@......#####.#.##
,, , ,.K....................>. **
*#######>......#####.#..#
########## #.......# #.#..#
,.........######.......# #.#..#
########.#...........## #.#..#
#...#.#.#########.# #.#..#
#####...(.#.#########.## #.#..#
.......................#####.#...


You could see a kobold.

Vanquished Creatures
  A bat (D:1)
  2 endoplasms (D:1)
  A giant cockroach (D:1)
  A goblin (D:1)
  3 hobgoblins (D:1)
  4 jackals (D:1)
  A ball python (D:1)
  A kobold (D:1)
14 creatures vanquished.

Notes
Turn   | Place    | Note
-------+----------+-------------------------------------------
     0 | D:1      | RighteousDevil the Deep Dwarf Monk began the quest for the
                  | Orb.
     0 | D:1      | Reached XP level 1. HP: 20/20 MP: 1/1
   183 | D:1      | Reached skill level 4 in Axes
   183 | D:1      | Reached XP level 2. HP: 17/27 MP: 2/2
   390 | D:1      | Found a faded altar of an unknown god.
   395 | D:1      | Prayed at the altar of an unknown god.
   395 | D:1      | Became a worshipper of Xom of Gnomic Intent
   421 | D:1      | Quit the game

Illustrated notes

Levels and vault maps discovered:
D:1:      saegor_arrival_simple_a, layout_basic,
          dreamdust_ecumenical_altar_statues, chequers_garden

Skill      XL: |  1 |
---------------+----+-----
Axes           | 4 |  4.3
Fighting       | |  2.6
Dodging        | |  3.2
Stealth        | |  2.4

Action                   || total
-------------------------++-------
Melee: Hand axe          ||    43
 Abil: Heal Wounds       ||     1
 Stab: Sleeping          ||     1
Armor: Robe              ||    10
Dodge: Dodged            ||    50
